 Dungeon Crawl Stone Soup version 0.30-a0-358-g0d69a1922f (webtiles) character file.

Game seed: 5225639771574553079

39493 porpoise the Carver (level 14, -8/127 HPs)
             Began as a Hill Orc Monk on Nov 9, 2022.
             Was a High Priest of Elyvilon.
             Mangled by a sixfirhy (10 damage)
             ... on level 1 of the Abyss on Nov 11, 2022.
             The game lasted 01:21:49 (16239 turns).

porpoise the Carver (Hill Orc Monk)                Turns: 16239, Time: 01:21:50

Health: -8/127     AC: 15    Str: 15    XL:     14   Next: 6%
Magic:  23/23      EV: 15    Int: 10    God:    Elyvilon [*****.]
Gold:   710        SH:  0    Dex: 17    Spells: 11/13 levels left

rFire   . . .      SeeInvis +    a - +4 long sword (freeze)
rCold   . . .      Faith    .    j - +2 buckler
rNeg    . . .      Spirit   .    g - +0 acid dragon scales
rPois   +          Reflect  .    l - +1 hat {Will+}
rElec   .          Harm     .    z - +0 cloak
rCorr   +          Rampage  .    q - +0 pair of gloves
Will    ++...      Clarity  +    C - +1 pair of boots
Stlth   +.........               (no amulet)
HPRegen 0.41/turn                t - ring of poison resistance
MPRegen 0.18/turn                B - +4 ring of slaying

@: confused, about to teleport, ambrosia-drunk, studying Armour
A: see invisible, clarity
a: Renounce Religion, Purification, Heal Other, Heal Self, Divine Vigour


You were on level 1 of the Abyss.
You worshipped Elyvilon.
Elyvilon was extremely pleased with you.
You visited 3 branches of the dungeon, and saw 16 of its levels.
You visited the Abyss 1 time.
You also visited: Bailey.

You collected 807 gold pieces.
You spent 97 gold pieces at shops.

Inventory:

Hand Weapons
 a - a +4 long sword of freezing (weapon)
 b - a +1 short sword of venom
 d - the +5 dagger "Hizehet" {vorpal, rElec Int+6}
   (You found it on level 2 of the Lair of Beasts)

   It inflicts extra damage upon your enemies.
   Int:       It affects your intelligence (+6).
   rElec:     It insulates you from electricity.
 w - a +0 scimitar
 x - a +1 demon whip of venom
Missiles
 s - a boomerang
 I - 3 curare-tipped darts (quivered)
Armour
 g - +0 acid dragon scales (worn)
 j - a +2 buckler (worn)
 l - a +1 hat of willpower (worn)
 q - a +0 pair of gloves (worn)
 z - a +0 cloak (worn)
 C - a +1 pair of boots (worn)
Jewellery
 k - a +6 ring of dexterity
 o - a ring of fire
 t - a ring of poison resistance (left hand)
 B - a +4 ring of slaying (right hand)
 E - a ring of positive energy
Wands
 K - a wand of quicksilver (4)
Scrolls
 f - a scroll of identify
 i - 2 scrolls of fog
 m - 7 scrolls of teleportation
 v - a scroll of noise
 J - 2 scrolls of blinking
 Q - a scroll of vulnerability
 U - a scroll of magic mapping
Potions
 c - a potion of ambrosia
 h - 2 potions of cancellation
 n - 2 potions of attraction
 p - a potion of might
 u - 2 potions of curing
 T - a potion of lignification


   Skills:
 + Level 12.4 Fighting
 - Level 14.0 Long Blades
 - Level 12.0 Armour
 - Level 7.0 Dodging
 - Level 1.5 Stealth
 - Level 9.0 Shields
 - Level 12.0 Invocations
 - Level 5.0 Evocations


You had 11 spell levels left.
You knew the following spells:

 Your Spells              Type           Power      Damage    Failure   Level
w - Wereblood             Tmut           0%         N/A       65%         2

Your spell library contained the following spells:

 Spells                   Type           Power      Damage    Failure   Level
 Sting                    Tmut/Pois      0%         1d3       52%         1
 Poisonous Vapours        Pois/Air       0%         N/A       65%         2
 Sublimation of Blood     Necr           0%         N/A       65%         2
 Call Canine Familiar     Summ           0%         N/A       87%         3
 Gell's Gravitas          Tloc           0%         N/A       87%         3
 Ignite Poison            Fire/Tmut/Pois 0%         N/A       87%         3
 Inner Flame              Hex/Fire       0%         N/A       87%         3
 Kindle Blastsparks       Fire/Tloc/Air  0%         2d10      87%         3
 Lesser Beckoning         Tloc           0%         N/A       87%         3
 Portal Projectile        Hex/Tloc       0%         N/A       87%         3
 Stone Arrow              Conj/Erth      0%         3d7       87%         3
 Teleport Other           Tloc           0%         N/A       87%         3
 Animate Armour           Summ/Erth      0%         N/A       99%         4
 Flame Wave               Conj/Fire      0%         2d4       99%         4
 Leda's Liquefaction      Hex/Erth       0%         N/A       99%         4
 Olgreb's Toxic Radiance  Pois           0%         N/A       99%         4
 Sticky Flame             Conj/Fire      0%         2d3       99%         4
 Freezing Cloud           Conj/Ice/Air   0%         6-21      100%        5
 Summon Hydra             Summ           0%         N/A       100%        7
 Lehudib's Crystal Spear  Conj/Erth      0%         10d2      100%        8


Dungeon Overview and Level Annotations

Branches:
Dungeon (11/15)            Temple (1/1) D:7            Lair (4/5) D:9
 Shoals (0/4) Lair:3       Spider (0/4) Lair:2          Orc (0/2) D:10
 Bailey (visited)
  Slime: Lair:4-5

Altars:
Ashenzari
Cheibriados
Dithmenos
Elyvilon
Gozag
Hepliaklqana
Kikubaaqudgha
Makhleb
Nemelex Xobeh
Okawaru
Qazlal
Ru
Sif Muna
Trog
Uskayaw
Vehumet
Wu Jian
Xom
Yredelemnul
Zin
The Shining One

Shops:
D:3 (   D:8 *

Annotations:
D:3 1 runed translucent door, p00ps00p's ghost, amateur HOFi
D:5 !vampire - unexplored
D:10 exclusions: oklob plant and oklob sapling
Lair:3 Sonja


Innate Abilities, Weirdness & Mutations

You have supernaturally acute eyesight. (SInv)
You possess an exceptional clarity of mind.


Message History

Training target 5.0 for Evocations reached!
Training target 9.0 for Shields reached!
Your Shields skill increases to level 9!
Your Evocations skill increases to level 5!
You slash the spriggan defender skeleton!
You freeze the spriggan defender skeleton.
The spriggan defender skeleton is lightly damaged.
The spriggan defender skeleton hits you.
* * * LOW HITPOINT WARNING * * *
You miss the spriggan defender skeleton.
The spriggan defender skeleton is lightly damaged.
The spriggan defender skeleton hits you!
* * * LOW HITPOINT WARNING * * *
A quicksilver dragon simulacrum comes into view.
You feel much better.
The hell hog seems to regain its courage.
The sixfirhy hits you!
* * * LOW HITPOINT WARNING * * *
The sixfirhy shocks you!
* * * LOW HITPOINT WARNING * * *
The sixfirhy misses you.
The sixfirhy hits you but does no damage.
You slash the sixfirhy! You freeze the sixfirhy.
The sixfirhy is moderately wounded.
The sixfirhy misses you. The sixfirhy barely misses you. The sixfirhy hits you.
* * * LOW HITPOINT WARNING * * *
The sixfirhy shocks you!
* * * LOW HITPOINT WARNING * * *
Okay, then.
You are confused.
You feel invigorated. The sixfirhy barely misses you. The sixfirhy hits you.
* * * LOW HITPOINT WARNING * * *
The sixfirhy shocks you!
* * * LOW HITPOINT WARNING * * *
The sixfirhy barely misses you. The sixfirhy barely misses you.
The sixfirhy hits you.
* * * LOW HITPOINT WARNING * * *
The sixfirhy shocks you!
You die...

......
.###.#. ....
.... ... ...
. ... .. . .
.
Z...ZZ....>.#
#hh..# #X##
... # #ZZ# .
. #3## # #@#.
#.#. #.#. # .
### #. # . #
#


You could see 2 hell hogs, a large abomination, a sixfirhy, a quicksilver dragon
simulacrum, an ettin zombie and 2 spriggan defender skeletons.

Vanquished Creatures
  A lich (Abyss:1)
  Gastronok (Lair:4)
  A ghost moth (Abyss:1)
  A spriggan skeleton (Abyss:1)
  A two-headed ogre (D:10)
  A hell hog (Abyss:1)
  A thrashing horror (Abyss:1)
  Amaemon (Lair:1)
  A large abomination (Abyss:1)
  A necromancer (Abyss:1)
  Pikel (D:3)
  2 black mambas (Lair:2)
  2 orange demons
  4 cane toads
  Maggie (D:7)
  2 rime drakes (Lair:1)
  6 komodo dragons
  An ancient zyme (Abyss:1)
  3 kobold demonologists (D:10)
  A troll (D:9)
  3 hornets
  3 polar bears (Lair:2)
  13 blink frogs
  3 wyverns
  A ynoxinul (Abyss:1)
  3 basilisks
  29 yaks
  2 steam dragons
  10 water moccasins
  Duvessa (D:6)
  Pargi (D:4)
  19 orc warriors
  2 black bears
  A sky beast (D:6)
  An ice beast (D:7)
  10 wolves (Lair:2)
  12 centaurs
  2 phantoms
  A lemure (D:3)
  3 kobold brigands
  8 bullfrogs
  3 scorpions
  2 gnoll sergeants (D:6)
  A necrophage (D:6)
  12 wights
  Dowan (D:6)
  2 small abominations (Abyss:1)
  26 killer bees
  A vampire bat (D:3)
  4 howler monkeys
  2 hounds
  4 orc priests
  An iguana (D:7)
  Natasha (thrice) (D:4)
  7 orc wizards
  11 gnolls
  8 adders
  A shadow imp (D:6)
  2 white imps
  An ufetubus (D:5)
  6 worms
  A dart slug (D:4)
  3 fire bats (D:3)
  33 orcs
  2 spectral bats (D:3)
  13 ball pythons
  12 bats
  3 bat skeletons (D:3)
  A bat zombie (D:3)
  4 endoplasms
  5 giant cockroaches
  7 goblins
  6 hobgoblins
  5 jackals (D:2)
  13 kobolds
  2 quokkas (D:1)
  A bat simulacrum (D:3)
  A frilled lizard (D:2)
  8 rats
  A plant (D:9)
380 creatures vanquished.

Vanquished Creatures (others)
  2 orcs
  12 fungi (Lair:2)
  41 plants
55 creatures vanquished.

Grand Total: 435 creatures vanquished

Notes
Turn   | Place    | Note
-------+----------+-------------------------------------------
     0 | D:1      | porpoise the Hill Orc Monk began the quest for the Orb.
     0 | D:1      | Reached XP level 1. HP: 19/19 MP: 1/1
   355 | D:1      | Reached XP level 2. HP: 27/27 MP: 2/2
   709 | D:1      | Reached skill level 4 in Long Blades
   771 | D:2      | You fall into a shaft and drop 1 floor!
   788 | D:3      | Reached XP level 3. HP: 19/33 MP: 3/3
   846 | D:3      | Found Beyf's Antique Weapon Emporium.
  1317 | D:2      | Reached XP level 4. HP: 34/41 MP: 4/4
  1359 | D:2      | Learned a level 2 spell: Wereblood
  1438 | D:2      | Found a snail-covered altar of Cheibriados.
  1524 | D:2      | Found a faded altar of an unknown god.
  1897 | D:3      | Reached skill level 5 in Long Blades
  1996 | D:3      | Found a runed translucent door.
  2000 | D:3      | Noticed p00ps00p's ghost (amateur HOFi)
  2004 | D:3      | Noticed a bullfrog
  2059 | D:3      | Found a sparkling altar of Nemelex Xobeh.
  2072 | D:3      | Found a hazy altar of Hepliaklqana.
  2301 | D:3      | Reached XP level 5. HP: 47/47 MP: 5/5
  2506 | D:3      | Reached skill level 5 in Fighting
  2548 | D:3      | Reached skill level 6 in Long Blades
  2589 | D:3      | Reached XP level 6. HP: 54/56 MP: 6/6
  3174 | D:4      | Noticed Pargi
  3179 | D:4      | Killed Pargi
  3199 | D:4      | Found a shadowy altar of Dithmenos.
  3347 | D:4      | Noticed Pikel
  3380 | D:3      | Killed Pikel
  3381 | D:3      | Reached skill level 8 in Long Blades
  3381 | D:3      | Reached XP level 7. HP: 37/64 MP: 7/7
  3474 | D:4      | Reached skill level 1 in Armour
  3474 | D:4      | Reached skill level 1 in Shields
  3474 | D:4      | Reached XP level 8. HP: 73/73 MP: 8/8
  3903 | D:4      | Noticed Natasha
  3916 | D:4      | Killed Natasha
  4104 | D:4      | Noticed Natasha
  4113 | D:4      | Killed Natasha
  4154 | D:4      | Noticed Natasha
  4162 | D:4      | Killed Natasha
  4176 | D:5      | Entered Level 5 of the Dungeon
  4199 | D:5      | Noticed a vampire
  4207 | D:5      | Gained mutation: You possess an exceptional clarity of
                  | mind. [potion of mutation]
  4207 | D:5      | Gained mutation: You have supernaturally acute eyesight.
                  | (SInv) [potion of mutation]
  4604 | D:6      | Reached skill level 9 in Long Blades
  4662 | D:6      | Noticed Duvessa
  4667 | D:6      | Noticed Dowan
  4682 | D:6      | Killed Duvessa
  4685 | D:6      | Killed Dowan
  5317 | D:6      | Reached XP level 9. HP: 61/79 MP: 9/9
  5631 | D:7      | Noticed a hornet
  5639 | D:7      | Reached skill level 5 in Armour
  5641 | D:7      | Killed a hornet
  5642 | D:7      | Reached skill level 10 in Long Blades
  5642 | D:7      | Reached skill level 5 in Shields
  5744 | D:7      | Noticed Maggie
  5762 | D:7      | Killed Maggie
  5798 | D:7      | Found a basalt altar of Yredelemnul.
  6044 | D:7      | Found a staircase to the Ecumenical Temple.
  6053 | Temple   | Entered the Ecumenical Temple
  6370 | Temple   | Became a worshipper of Elyvilon the Healer
  6370 | Temple   | Reached * piety under Elyvilon
  6370 | Temple   | Reached ** piety under Elyvilon
  6586 | D:8      | Reached skill level 1 in Invocations
  6684 | D:8      | Reached XP level 10. HP: 74/86 MP: 11/11
  6952 | D:8      | Reached skill level 11 in Long Blades
  7099 | D:8      | Reached skill level 5 in Invocations
  7176 | D:8      | Found Baobb's Bounteous Boutique.
  7187 | D:8      | Bought a scroll of blinking for 97 gold pieces
  8092 | D:9      | Found a flagged portal.
  8114 | Bailey   | Entered a bailey
  8708 | Bailey   | Reached skill level 12 in Long Blades
  8708 | Bailey   | Reached XP level 11. HP: 62/92 MP: 14/16
  9416 | Bailey   | Reached *** piety under Elyvilon
 10326 | Bailey   | Reached skill level 5 in Dodging
 10837 | D:9      | Found a staircase to the Lair.
 11071 | D:9      | Reached skill level 13 in Long Blades
 11071 | D:9      | Reached XP level 12. HP: 103/103 MP: 17/19
 11449 | D:10     | Entered Level 10 of the Dungeon
 11449 | D:10     | Found a staircase to the Orcish Mines.
 11913 | D:10     | Found a bloodstained altar of Trog.
 12145 | D:10     | Noticed a two-headed ogre
 12152 | D:10     | Killed a two-headed ogre
 12674 | Lair:1   | Entered Level 1 of the Lair of Beasts
 12774 | Lair:1   | Reached skill level 10 in Fighting
 12953 | Lair:1   | Reached **** piety under Elyvilon
 13166 | Lair:1   | Reached XP level 13. HP: 113/113 MP: 20/20
 13187 | Lair:1   | Reached skill level 14 in Long Blades
 13510 | Lair:1   | Reached skill level 10 in Armour
 13525 | Lair:1   | Noticed Prince Ribbit
 13545 | Lair:1   | Pacified Prince Ribbit
 13978 | Lair:2   | Identified the +5 dagger "Hizehet" {vorpal, rElec Int+6}
 14128 | Lair:2   | Reached skill level 10 in Invocations
 14373 | Lair:2   | You fall into a shaft and drop 2 floors!
 14379 | Lair:3   | Noticed Gastronok
 14390 | Lair:4   | Killed Gastronok
 14560 | Lair:3   | Reached ***** piety under Elyvilon
 14575 | Lair:3   | Found a staircase to the Shoals.
 14927 | Lair:2   | Found a hole to the Spider Nest.
 15034 | Lair:2   | Noticed Amaemon
 15053 | Lair:1   | Killed Amaemon
 15712 | Lair:3   | Noticed Sonja
 15723 | Abyss:1  | Cast into level 1 of the Abyss (Sonja)
 15936 | Abyss:1  | Noticed a lich
 15960 | Abyss:1  | Elyvilon protects you from harm!
 15969 | Abyss:1  | Killed a lich
 16040 | Abyss:1  | Noticed a ghost moth
 16053 | Abyss:1  | Killed a ghost moth
 16054 | Abyss:1  | Reached XP level 14. HP: 55/126 MP: 0/23
 16232 | Abyss:1  | Reached skill level 5 in Evocations
 16235 | Abyss:1  | HP: 4/127 [sixfirhy (10)]
 16239 | Abyss:1  | Mangled by a sixfirhy

Illustrated notes

Levels and vault maps discovered:
D:1:      dpeg_arrival_prison, layout_basic
D:2:      layout_loops_ring, basic_altar, ebering_ecumenical_altar_webs
D:3:      layout_rooms, mainiacjoe_overflow_big_doors, serial_shops,
          shop_fountains, ebering_ghost_inner_flame, goddamned_bats
D:4:      layout_layer_cave, grunt_dithmenos_smoke, serial_park_tiny_1,
          uniq_natasha, uniq_pargi, uniq_pikel
D:5:      layout_cave_pools, lemuel_coloured_pillars_altar,
          minmay_misc_feat_enclosed, uniq_blork_the_orc, uniq_crazy_yiuf_cottage
D:6:      layout_basic, chequers_garden, uniq_duvessa
D:7:      layout_cave_pools, mainiacjoe_overflow_six_doors_small,
          minmay_temple_entry_antechambers, uniq_maggie
D:8:      layout_loops_corners, serial_aquarium, aquarium_bridge_square
          [aquarium_subvault_bridge, aquarium_subvault_balcony,
          aquarium_subvault_window, aquarium_subvault_bridge],
          aquarium_bridge_island_small [aquarium_subvault_small_water,
          aquarium_subvault_balcony, aquarium_subvault_bridge,
          aquarium_subvault_wall, aquarium_subvault_balcony], aquarium_window_1,
          aquarium_window_1, aquarium_view_2b, nicolae_alphabet_shops,
          serial_bayou_pond_e, lightli_minifort
D:9:      layout_roguey, david_lair_shrubbed, enter_bailey_2
D:10:     hellmonk_crumbling_castle, layout_rooms,
          nicolae_overflow_hidden_temple, introduction_to_nature_1
D:11:     dreamdust_dug_too_deep, layout_rooms, minmay_mirror_moons_of_madness,
          uniq_maurice
Temple:   compressed_dpeg_triangle_lava_temple
Lair:1:   layout_hall_layers, st_stairs_12, infiniplex_staircase_pool,
          grunt_megastairs_1, uniq_prince_ribbit2
Lair:2:   layout_regular_city, nicolae_spider_entry_non_spiders,
          cheibrodos_lair_lostbears, serial_bayou_shore_b, uniq_amaemon
Lair:3:   minmay_lair_oklob_chamber, layout_big_grid, shoals_dummy_entry,
          uniq_gastronok, uniq_sonja
Lair:4:   layout_cave_pods, nicolae_slime_entry_slimehenge, serial_bayou_lake_a
Abyss:1:  base:
D:6

Skill      XL: |  1  2  3  4  5  6  7  8  9 10 11 12 13 14 |
---------------+-------------------------------------------+-----
Fighting       | 4 5 6 7 8 10 12 | 12.4
Long Blades    | 4 5 6 8 9 10 12 13 14 | 14.0
Armour         | 1 4 6 7 9 12 | 12.0
Shields        | 1 4 6 7 8 9 |  9.0
Invocations    | 1 6 9 12 | 12.0
Dodging        | 4 5 7 |  7.0
Evocations     | 3 4 5 |  5.0
Stealth        | |  1.5

Action                   |  1- 3 |  4- 6 |  7- 9 | 10-12 | 13-15 || total
-------------------------+-------+-------+-------+-------+-------++-------
Melee: Falchion          |   107 |   206 |   172 |       |       ||   485
       Punch             |     1 |       |       |       |       ||     1
       Scimitar          |       |       |    88 |    45 |       ||   133
       Long sword        |       |       |     7 |   349 |   374 ||   730
       Spear             |       |       |       |    43 |       ||    43
       Trident           |       |       |       |   116 |       ||   116
Throw: Dart              |       |     6 |    19 |    35 |     3 ||    63
       Throwing net      |       |     1 |     1 |       |       ||     2
       Boomerang         |       |       |       |    52 |     3 ||    55
Invok: Heal Other        |       |       |       |     3 |     2 ||     5
       Purification      |       |       |       |       |     1 ||     1
Evoke: Wand              |       |       |     4 |     2 |       ||     6
  Use: Scroll            |       |     5 |     9 |     6 |     4 ||    24
       Potion            |       |     1 |     4 |     1 |    11 ||    17
 Stab: Sleeping          |     3 |     2 |     2 |     1 |       ||     8
       Distracted        |       |     1 |       |       |       ||     1
Armor: Ring mail         |    26 |   100 |       |       |       ||   126
       Troll leather arm |       |     3 |    46 |       |       ||    49
       Acid dragon scale |       |       |    12 |   131 |    79 ||   222
Dodge: Dodged            |    61 |   121 |   120 |   328 |   139 ||   769
Block: Buckler           |     7 |    97 |    72 |   271 |    89 ||   536

Table legend: (Time is in decaauts)
 A = Elapsed time spent in this place.
 B = Non-inter-level travel time spent in this place.
 C = Inter-level travel time spent in this place.
 D = Time resting spent in this place.
 E = Time spent auto-exploring this place.
 F = Levels seen in this place.
 G = Mean time per level.
                   A        B        C        D        E       F      G
               +--------+--------+--------+--------+--------+-----+--------+
         Total |  16162 |  15585 |    577 |   4919 |   6167 |  18 |  897.9 |
       Dungeon |   9827 |   9319 |    508 |   2434 |   4423 |  11 |  893.4 |
        Temple |    323 |    308 |     15 |      0 |    300 |   1 |  323.0 |
          Lair |   2969 |   2916 |     53 |    969 |   1106 |   4 |  742.2 |
         Abyss |    494 |    494 |      0 |    296 |     32 |   1 |  494.0 |
        Bailey |   2547 |   2547 |      0 |   1219 |    305 |   1 | 2547.0 |
               +--------+--------+--------+--------+--------+-----+--------+

Top non-repeatable levels by time:
  Bailey: 2547 daAuts
     D:3: 1436 daAuts
  Lair:2: 1395 daAuts
     D:6: 1375 daAuts
     D:8: 1361 daAuts
  Lair:1: 1352 daAuts
    D:10: 1186 daAuts
     D:2: 1046 daAuts
     D:9: 980 daAuts
     D:4: 968 daAuts
     D:1: 750 daAuts
     D:7: 651 daAuts
 Abyss:1: 494 daAuts
  Temple: 323 daAuts
  Lair:3: 180 daAuts
